 Dungeon Crawl Stone Soup version 0.26.0-41-g79a4fc7684 (webtiles) character file.

Game seed: 9930315384733131219

39 DasRunzen the Skirmisher (level 3, 0/29 HPs)
             Began as a Demonspawn Abyssal Knight on Jan 26, 2021.
             Was a Follower of Lugonu.
             Slain by a worker ant (7 damage)
             ... on level 2 of the Dungeon.
             The game lasted 00:02:48 (1724 turns).

DasRunzen the Skirmisher (DsAK)                     Turns: 1724, Time: 00:02:49

Health: 0/29       AC:  3    Str: 13    XL:     3   Next: 26%
Magic:  5/5        EV: 12    Int: 13    God:    Lugonu [*.....]
Gold:   42         SH:  0    Dex: 14    Spells: 2/2 levels left

rFire    . . .     SeeInvis .   a - +1 spear
rCold    . . .     Faith    .   (no shield)
rNeg     . . .     Spirit   .   b - +0 leather armour
rPois    .         Reflect  .   (no helmet)
rElec    .         Harm     .   (no cloak)
rCorr    .         Rampage  .   (no gloves)
Will     .....                  (no boots)
Stlth    ++........             (no amulet)
HPRegen  0.09/turn              (no ring)
MPRegen  0.09/turn              (no ring)

@: no status effects
A: thin skeletal structure 1, demonic guardian 1
a: Renounce Religion, Depart the Abyss


You were on level 2 of the Dungeon.
You worshipped Lugonu.
Lugonu was aware of your devotion.
You visited 1 branch of the dungeon, and saw 2 of its levels.
You visited the Abyss 1 time.

You collected 42 gold pieces.

Inventory:

Hand Weapons
 a - a +1 spear (weapon)
Armour
 b - a +0 leather armour (worn)
Scrolls
 c - a scroll of teleportation {unknown}
Potions
 d - 2 potions of heal wounds {unknown}
 e - a potion of curing {unknown}


   Skills:
 + Level 3.3 Fighting
 + Level 2.1 Polearms
 + Level 2.1 Armour
 + Level 1.5 Dodging
 + Level 3.0 Invocations


You had 2 spell levels left.
You didn't know any spells.
Your spell library was empty.

Dungeon Overview and Level Annotations

Branches:
Dungeon (2/15)

Altars:
Qazlal


Innate Abilities, Weirdness & Mutations

You have a somewhat thin skeletal structure. (Dex +2, Stealth)
A weak demonic guardian rushes to your aid.


Message History

The worker ant bites you!
You hit the worker ant.
The worker ant is severely wounded.
The worker ant barely misses you.
You completely miss the worker ant.
The worker ant is severely wounded.
The worker ant bites you.
You hit the worker ant but do no damage.
The worker ant is severely wounded.
The worker ant closely misses you.
You barely miss the worker ant.
The worker ant is severely wounded.
The worker ant bites you. x2
* * * LOW HITPOINT WARNING * * *
You are too injured to fight recklessly!
You are too injured to fight recklessly!
You hit the worker ant.
The worker ant is almost dead.
The worker ant bites you!
You die...

..#### #....# .... .##
#..[.# ..### .# ##.#..
..# .# ##.######. .####
##......... #
....###.....#### .#
.##.##.......## ..##
.##.#.........####....##
....'†........).@B......
.##†#.........####...!##
###.##.......## .....
..###.....## #..# ####
##...## .# ##+## #


You could see a worker ant.

Vanquished Creatures
  An adder (D:2)
  A worm (D:2)
  2 dart slugs
  2 leopard geckos (D:1)
  2 giant cockroaches (D:2)
  2 goblins (D:1)
  2 hobgoblins
  2 jackals (D:1)
  A bat (D:1)
  3 kobolds
  3 rats (D:1)
21 creatures vanquished.

Notes
Turn   | Place    | Note
-------+----------+-------------------------------------------
     0 | Abyss:1  | DasRunzen the Demonspawn Abyssal Knight began the quest for
                  | the Orb.
     0 | Abyss:1  | Reached XP level 1. HP: 18/18 MP: 2/2
   111 | Abyss:1  | Noticed a manticore zombie
   137 | Abyss:1  | Noticed a tentacled starspawn
   141 | D:1      | Escaped the Abyss
   334 | D:1      | Reached skill level 1 in Dodging
   613 | D:1      | Gained mutation: You have a somewhat thin skeletal
                  | structure. (Dex +2, Stealth) [demonic ancestry]
   613 | D:1      | Reached XP level 2. HP: 9/24 MP: 4/4
   896 | D:1      | Reached * piety under Lugonu
  1638 | D:2      | Found a stormy altar of Qazlal.
  1684 | D:2      | Gained mutation: A weak demonic guardian rushes to your
                  | aid. [demonic ancestry]
  1684 | D:2      | Reached XP level 3. HP: 29/29 MP: 5/5
  1724 | D:2      | Slain by a worker ant

Illustrated notes

Levels and vault maps discovered:
D:1:      saegor_arrival_simple_a, layout_basic
D:2:      layout_loops_corners, amethyst_overflow_temple_binary,
          nicolae_qazlal_general_emergency, uniq_jessica

Skill      XL: |  1  2 |
---------------+-------+-----
Dodging        | 1 |  1.5
Polearms       | 2 |  2.1
Armour         | 2 |  2.1
Invocations    | 3 |  3.0
Fighting       | |  3.3

Action                   || total
-------------------------++-------
Melee: Spear             ||    92
Invok: Depart the Abyss  ||     1
  Use: Scroll            ||     1
 Stab: Sleeping          ||     3
       Distracted        ||     1
Armor: Leather armour    ||    20
Dodge: Dodged            ||    42
